 Dungeon Sprint DCSS version 0.21-a0-104-g7b58145 (webtiles) character file.

251 Kidiri the Covert (level 5, -7/40 HPs)
             Began as a Spriggan Enchanter on July 6, 2017.
             Mangled by a neqoxec (12 damage)
             ... in the Dungeon (Sprint II: "The Violet Keep of Menkaure").
             The game lasted 00:00:18 (29 turns).

Kidiri the Covert (Spriggan Enchanter)                Turns: 29, Time: 00:00:19

Health: -7/40      AC:  2    Str:  7      XL:     5   Next: 88%
Magic:  8/15       EV: 23    Int: 15 (17) God:
Gold:   0          SH:  0    Dex: 17      Spells: 16/17 levels left

rFire    . . .     SeeInvis +   a - +1 dagger
rCold    . . .     Gourm    .   (shield restricted)
rNeg     . . .     Faith    .   b - +0 robe
rPois    .         Spirit   .   (helmet restricted)
rElec    .         Reflect  .   (no cloak)
rCorr    .         Harm     .   (gloves unavailable)
MR       .....     NoTele   +   (boots unavailable)
Stlth    ..........             (no amulet)
HPRegen  0.13/turn              (no ring)
MPRegen  0.14/turn              (no ring)

@: berserking (expiring), very quick
A: unfitting armour, see invisible, herbivore 3, speed 3, slow metabolism 2,
weak 1
a: no special abilities


You were in the Dungeon.
You were not hungry.

You visited 1 branch

Inventory:

Hand Weapons
 a - a +1 dagger (weapon)
Armour
 b - a +0 robe (worn)
Scrolls
 j - a scroll of blinking
Potions
 e - a potion of curing
 f - a potion of heal wounds
 g - a potion of haste
 h - 2 potions of magic
Books
 c - a book of Maledictions

   Spells                             Type                      Level
   a - Corona                         Hexes                        1
   b - Ensorcelled Hibernation        Hexes/Ice                    2
   c - Confuse                        Hexes                        3
   d - Tukima's Dance                 Hexes                        3
   e - Dazzling Spray                 Conjuration/Hexes            3
Comestibles
 d - a bread ration


   Skills:
 + Level 2.7 Fighting
 * Level 5.7 Short Blades
 + Level 2.5 Armour
 * Level 7.9 Dodging
 * Level 9.2 Stealth
 * Level 6.7 Spellcasting
 + Level 5.8 Hexes


You had 16 spell levels left.
You knew the following spells:

 Your Spells              Type           Power        Failure   Level  Hunger
a - Corona                Hex            ###....      1%          1    None


Dungeon Overview and Level Annotations

Branches:
Dungeon (1/1)

Altars:


Innate Abilities, Weirdness & Mutations

You are very small and have problems with some larger weapons.
You are too small for most types of armour.
You have supernaturally acute eyesight. (SInv)
You are a herbivore.
You cover ground extremely quickly.
You need consume almost no food.
You are weak. (Str -2)


Message History

Your Spellcasting skill increases to level 6!
You have reached level 5!
You feel clever. The neqoxec gestures at you.
You feel dopey. Something feeds on your intellect! The neqoxec gestures at you.
Something tries to feed on your intellect!
The crimson imp blinks!
There is an open door here.
You hit the neqoxec.
The neqoxec is lightly wounded.
The iron imp completely misses you.
You puncture the neqoxec!
The neqoxec is heavily wounded.
The neqoxec misses you.
You hit the neqoxec.
The neqoxec is heavily wounded.
The neqoxec hits you!
You die...

## ## H#
#H .#. #
#+# .##
##.##...#
+.ยงยง+.#
##.##.m.#
#@# .##
#533# #
#.5##5#
### ##


You could see 2 neqoxecs, an iron imp and 2 crimson imps.

Vanquished Creatures
  2 neqoxecs (D)
2 creatures vanquished.

Notes
Turn   | Place    | Note
-------+----------+-------------------------------------------
     0 | D        | Kidiri the Spriggan Enchanter began the quest for the Orb.
     0 | D        | Reached XP level 1. HP: 9/9 MP: 5/5
     1 | D        | Noticed a hippogriff
     1 | D        | Noticed a hippogriff
     5 | D        | Noticed a merfolk siren
     8 | D        | Noticed a neqoxec
     8 | D        | Noticed a neqoxec
     8 | D        | Noticed a neqoxec
     8 | D        | Noticed a neqoxec
    11 | D        | Noticed a crimson imp
    12 | D        | Noticed a crimson imp
    15 | D        | Killed a neqoxec
    15 | D        | Reached skill level 1 in Armour
    15 | D        | Reached skill level 7 in Stealth
    15 | D        | Reached skill level 5 in Spellcasting
    15 | D        | Reached skill level 5 in Hexes
    15 | D        | Reached XP level 2. HP: 2/15 MP: 6/9
    15 | D        | Reached XP level 3. HP: 2/18 MP: 6/10
    15 | D        | Reached XP level 4. HP: 3/23 MP: 7/12
    15 | D        | Gained mutation: You are weak. (Str -2) [a neqoxec]
    25 | D        | Killed a neqoxec
    25 | D        | Reached skill level 5 in Short Blades
    25 | D        | Reached skill level 9 in Stealth
    25 | D        | Reached XP level 5. HP: 4/27 MP: 8/15
    29 | D        | Mangled by a neqoxec

Vault maps used:
D:        the_violet_keep_of_menkaure

Skill      XL: |  1  2  3  4 |
---------------+-------------+-----
Fighting       | 2 |  2.7
Short Blades   | 4 5 |  5.7
Armour         | 1 2 |  2.5
Dodging        | 6 7 |  7.9
Stealth        | 7 9 |  9.2
Spellcasting   | 5 6 |  6.7
Hexes          | 5 |  5.8

Action                   |  1- 3 |  4- 6 || total
-------------------------+-------+-------++-------
Melee: Dagger            |     6 |    13 ||    19
  Use: Potion            |     1 |       ||     1
Armor: Robe              |     1 |       ||     1
Dodge: Dodged            |     1 |     5 ||     6
